 Dungeon Crawl Stone Soup version 0.30-a0-1094-g860fb061e7 (webtiles) character file.

Game seed: 12334092190130774500

19879 superbruh the Severer (level 12, -2/110 HPs)
             Began as a Minotaur Monk on Apr 17, 2023.
             Was a Plaything of Xom.
             Slain by a spriggan berserker skeleton (15 damage)
             ... on level 15 of the Dungeon.
             The game lasted 00:25:42 (11988 turns).

superbruh the Severer (Minotaur Monk)              Turns: 11988, Time: 00:25:43

Health: -2/110     AC: 19    Str: 22    XL:     12   Next: 40%
Magic:  5/18       EV:  7    Int:  6    God:    Xom [.....*]
Gold:   824        SH: 17    Dex: 20    Spells: 11/11 levels left

rFire   + . .      SeeInvis .    x - +7 war axe (freeze)
rCold   + + .      Faith    +    M - +0 tower shield
rNeg    . . .      Spirit   .    I - +0 plate armour
rPois   +          Reflect  .    (helmet restricted)
rElec   .          Rampage  .    o - scarf {rC+ rF+}
rCorr   .          Rage     3%   w - +0 pair of gloves
Will    +....                    (no boots) Stlth
                                 l - amulet of faith
HPRegen 0.38/turn                y - ring of protection from cold
MPRegen 0.16/turn                q - ring of Agyd Tack {rPois MP+9 AC+4 Str+3}

@: unable to drink
A: horns 2, retaliatory headbutt, hooves 1, thin skeletal structure 1, agile 1,
berserk 1, low MP 1, strong-willed 1, poison resistance, wild magic 2, evolution
1, inability to drink after injury 1, MP-powered wands
a: Renounce Religion


You were on level 15 of the Dungeon.
You worshipped Xom.
You were Xom's teddy bear.
You visited 1 branch of the dungeon, and saw 13 of its levels.
You also visited: Sewer and Ossuary.

You collected 824 gold pieces.

Inventory:

Hand Weapons
 a - a +0 hand axe
 h - the +8 long sword "Goblinbane" {elec, rF+}
   (You took it off an orc on level 6 of the Dungeon)

   rF:        It protects you from fire.
 p - a +2 short sword of distortion
 x - a +7 war axe of freezing (weapon)
 z - the +1 rapier "Wokiogg" {vamp, *Noise rF+ Str+4}
   (You found it on level 6 of the Dungeon)

   Str:       It affects your strength (+4).
   rF:        It protects you from fire.
   *Noise:    It may make noises in combat.
 H - a +2 morningstar
 K - the +5 short sword "Riublise" {elec, Fly Int+3}
   (You found it on level 10 of the Dungeon)

   Int:       It affects your intelligence (+3).
   Fly:       It grants you flight.
Missiles
 v - 6 javelins (quivered)
Armour
 b - a +0 robe
 d - an orb of light
 j - a +0 kite shield
 o - a scarf of resistance (worn)
 u - a +0 scale mail
 w - a +0 pair of gloves (worn)
 I - a +0 plate armour (worn)
 M - a +0 tower shield (worn)
Jewellery
 g - a ring of poison resistance
 l - an amulet of faith (around neck)
 q - the ring of Agyd Tack (right hand) {rPois MP+9 AC+4 Str+3}
   (Xom gifted it to you on level 8 of the Dungeon)

   [ring of protection]

   AC:        It affects your AC (+4).
   Str:       It affects your strength (+3).
   rPois:     It protects you from poison.
   MP:        It affects your magic capacity (+9).
 r - a ring of positive energy
 t - a +6 ring of intelligence
 y - a ring of protection from cold (left hand)
 J - a +6 ring of dexterity
 S - a ring of protection from cold
 W - a ring of see invisible
Wands
 n - a wand of roots (12)
 s - a wand of flame (17)
Scrolls
 i - 2 scrolls of poison
 m - 3 scrolls of teleportation
 E - a scroll of blinking
 F - a scroll of fear
 N - 3 scrolls of identify
 P - 2 scrolls of butterflies
 Q - 3 scrolls of magic mapping
 R - a scroll of immolation
 T - 2 scrolls of amnesia
 V - a scroll of enchant weapon
Potions
 c - 4 potions of ambrosia
 f - 3 potions of magic
 k - 4 potions of brilliance
 A - a potion of cancellation
 B - 3 potions of berserk rage
 C - a potion of resistance
 D - a potion of might
 G - 7 potions of flight
 L - 5 potions of curing
Miscellaneous
 e - a phial of floods
 U - a phantom mirror (inert)


   Skills:
 + Level 11.4 Fighting
 + Level 15.7 Axes
 + Level 9.8 Armour
 + Level 7.0 Dodging
 + Level 3.7 Stealth
 + Level 9.5 Shields
 + Level 0.3 Evocations


You had 11 spell levels left.
You didn't know any spells.
Your spell library contained the following spells:

 Spells                   Type           Power      Damage    Failure   Level
 Ensorcelled Hibernation  Hex/Ice        0%         N/A       100%        2
 Momentum Strike          Conj/Tloc      0%         3d8       100%        2
 Call Canine Familiar     Summ           0%         N/A       100%        3
 Dazzling Flash           Conj/Hex       0%         N/A       100%        3
 Inner Flame              Hex/Fire       0%         N/A       100%        3
 Portal Projectile        Hex/Tloc       0%         N/A       100%        3
 Spider Form              Tmut/Pois      0%         N/A       100%        3
 Anguish                  Hex/Necr       0%         N/A       100%        4
 Cause Fear               Hex            0%         N/A       100%        4
 Leda's Liquefaction      Hex/Erth       0%         N/A       100%        4
 Iskenderun's Battlesphe  Conj           0%         2d6       100%        5
 Yara's Violent Unravell  Hex/Tmut       0%         3d3       100%        5
 Dragon Form              Tmut           0%         N/A       100%        7
 Enfeeble                 Hex            0%         N/A       100%        7
 Dragon's Call            Summ           0%         N/A       100%        9


Dungeon Overview and Level Annotations

Branches:
Dungeon (15/15)            Temple (0/1) D:7            Lair (0/5) D:8
    Orc (0/2) D:11          Sewer (visited)         Ossuary (visited)
 Vaults: D:13-14     Depths: D:15

Altars:
Cheibriados
Gozag
Xom

Shops:
D:6 [   D:11 [   D:12 =


Innate Abilities, Weirdness & Mutations

You have a pair of horns on your head.
You reflexively headbutt those who attack you in melee.
You have large cloven feet.
You have a somewhat thin skeletal structure. (Dex +2, Stealth+)
You are agile. (Dex +4, Str/Int -1)
You sometimes lose your temper in combat.
Your magical capacity is low. (-10% MP)
You are strong-willed. (Will+)
Your system is resistant to poisons. (rPois)
Your spells are harder to cast, but more powerful.
You have hidden genetic potential.
You occasionally lose the ability to drink potions when taking damage.
You expend magic power (3 MP) to strengthen your wands.


Message History

You feel a surge of power!
The puff of flame hits the spriggan berserker skeleton.
The spriggan berserker skeleton is lightly damaged.
A spriggan berserker skeleton is nearby!
Aiming: Throw Flame
Press: ? - help, Q - select action, (/) - cycle Shift-Dir - straight line, f/p - spriggan berserker skeleton
Aim: a spriggan berserker skeleton (lightly damaged, ally target, 68% to hit)
You feel a surge of power!
Really fire in your shadow imp's direction?
Okay, then.
Your shadow imp closely misses the spriggan berserker skeleton.
The spriggan berserker skeleton hits your shadow imp!
Your shadow imp dies!
Your shadow imp disappears in a puff of smoke!
You are too injured to fight recklessly!
Aiming: Throw Flame
Press: ? - help, Q - select action, (/) - cycle Shift-Dir - straight line, f/p - spriggan berserker skeleton
Aim: a spriggan berserker skeleton (lightly damaged, 68% to hit)
You feel a surge of power!
The puff of flame misses the spriggan berserker skeleton.
Unknown command.
Aiming: Throw Flame
Press: ? - help, Q - select action, (/) - cycle Shift-Dir - straight line, f/p - spriggan berserker skeleton
Aim: a spriggan berserker skeleton (lightly damaged, 68% to hit)
You feel a surge of power!
The puff of flame hits the spriggan berserker skeleton.
The spriggan berserker skeleton is lightly damaged.
Aiming: Throw Flame
Press: ? - help, Q - select action, (/) - cycle Shift-Dir - straight line, f/p - spriggan berserker skeleton
Aim: a spriggan berserker skeleton (lightly damaged, 68% to hit)
You feel a surge of power!
The puff of flame hits the spriggan berserker skeleton.
The spriggan berserker skeleton is lightly damaged.
You slash the spriggan berserker skeleton!
You kick the spriggan berserker skeleton.
Your headbutt misses the spriggan berserker skeleton.
The spriggan berserker skeleton is moderately damaged.
The spriggan berserker skeleton hits you!
You feel threatened and lose the ability to drink potions!
You die...

..# #.......# ..#
#.......# ..# +.......#
..# #...^...# ..###
+.......# ....# . ....#
...
....#############+#.....
................@.......
^...............Z.......
........................
........................
).......................
...)....................
.##########.........)...
.# #...........P. .#


You could see a spriggan berserker skeleton.

Vanquished Creatures
  A centaur warrior (D:15)
  A boulder beetle (D:11)
  5 two-headed ogres
  Pikel (D:9)
  A mana viper (shapeshifter) (D:10)
  3 cyclopes
  A gargoyle (D:11)
  A komodo dragon (D:11)
  2 kobold demonologists (D:11)
  9 trolls
  A hornet (D:9)
  5 slime creatures (D:12)
  23 yaks
  A wyvern (D:9)
  3 shadows
  2 vampires
  Eustachio (D:4)
  A basilisk (D:11)
  A naga (D:7)
  A water moccasin (D:6)
  3 orc warriors
  An ice beast (D:6)
  3 sky beasts
  3 black bears
  An ogre (D:4)
  8 centaurs
  A phantom (D:7)
  4 bullfrogs
  3 kobold brigands
  A gnoll sergeant (D:11)
  A scorpion (D:5)
  2 water moccasin zombies (Ossuary)
  8 wights
  6 killer bees
  A howler monkey (D:6)
  3 jellies
  A gnoll bouda (D:6)
  A hound (D:7)
  8 orc priests
  A sleepcap (D:4)
  Terence (D:3)
  5 iguanas
  9 orc wizards
  2 mummies (Ossuary)
  9 gnolls
  24 adders
  4 river rats (Sewer)
  A shadow imp (D:7)
  3 white imps
  3 ufetubi
  2 adder zombies (Ossuary)
  6 worms
  2 dart slugs
  26 orcs
  8 ball pythons
  9 endoplasms
  8 giant cockroaches
  4 gnoll zombies (Ossuary)
  8 goblins
  7 hobgoblins
  8 jackals
  8 quokkas
  11 bats
  6 frilled lizards
  6 hobgoblin zombies (Ossuary)
  11 kobolds
  8 kobold zombies (Ossuary)
  7 orc zombies (Ossuary)
  11 rats
341 creatures vanquished.

Vanquished Creatures (collateral kills)
  A quicksilver dragon zombie (D:15)
  An unseen horror (D:11)
  2 killer bees (D:7)
  An endoplasm (D:4)
5 creatures vanquished.

Vanquished Creatures (others)
  A shadow (D:12)
  A steam dragon (D:7)
  12 bushes (D:9)
14 creatures vanquished.

Grand Total: 360 creatures vanquished

Notes
Turn   | Place    | Note
-------+----------+-------------------------------------------
     0 | D:1      | superbruh the Minotaur Monk began the quest for the Orb.
     0 | D:1      | Reached XP level 1. HP: 19/19 MP: 0/0
    37 | D:1      | Found a faded altar of an unknown god.
    73 | D:1      | Reached XP level 2. HP: 27/27 MP: 1/1
    94 | D:1      | Reached skill level 4 in Axes
   496 | D:1      | Reached XP level 3. HP: 33/33 MP: 2/2
   837 | D:1      | Prayed at the altar of an unknown god.
   837 | D:1      | Became a worshipper of Xom of Unknown Intention
   961 | D:2      | XOM: smoke on damage
  1123 | D:2      | XOM: silly message
  1125 | D:2      | Reached XP level 4. HP: 39/41 MP: 3/3
  1241 | D:2      | Got Nufo's Disquisition on Transposed Blasts
  1704 | D:3      | Reached skill level 5 in Axes
  1704 | D:3      | Reached XP level 5. HP: 17/47 MP: 4/4
  1886 | D:3      | XOM: silly message
  1985 | D:3      | XOM: divination: magic mapping
  2006 | D:3      | Noticed Terence
  2016 | D:3      | Killed Terence
  2044 | D:3      | XOM is BORED!
  2044 | D:3      | XOM: silly message
  2161 | D:3      | Reached skill level 5 in Fighting
  2430 | D:4      | XOM: potion effect (invisibility)
  2466 | D:4      | XOM: divination: detect items
  2526 | D:4      | XOM: give mutations
  2526 | D:4      | Gained mutation: You are frail. (-10% HP) [Xom's mischief]
  2526 | D:4      | Gained mutation: Armour fits poorly on your strangely
                  | shaped body. [Xom's mischief]
  2567 | D:4      | XOM is BORED!
  2567 | D:4      | XOM: 5-stop teleportation journey
  2581 | D:4      | Noticed Eustachio
  2592 | D:4      | XOM: cast spell 'Chain of Chaos'
  2598 | D:4      | XOM: 3-stop teleportation journey
  2682 | D:4      | XOM: summons 3 friendly demons
  2685 | D:4      | Reached XP level 6. HP: 31/50 MP: 5/5
  2713 | D:4      | Killed Eustachio
  2714 | D:4      | Reached skill level 6 in Axes
  2714 | D:4      | Reached skill level 1 in Armour
  2714 | D:4      | Reached skill level 1 in Shields
  2719 | D:4      | XOM: polymorph quasit -> crimson imp
  2748 | D:4      | XOM: 5-stop teleportation journey
  2938 | D:4      | XOM: god gift: 3 scrolls of noise
  3021 | D:4      | XOM: scenery: 1 doors open
  3080 | D:4      | XOM: 1-stop teleportation journey
  3210 | D:4      | Reached XP level 7. HP: 54/54 MP: 6/6
  3611 | D:4      | XOM: give mutation
  3611 | D:4      | Lost mutation: You are frail. (-10% HP) [Xom's grace]
  3628 | D:4      | XOM: god gift: phial of floods
  3681 | D:5      | Entered Level 5 of the Dungeon
  3746 | D:5      | Reached skill level 5 in Dodging
  4052 | D:5      | XOM is BORED!
  4052 | D:5      | XOM: summons 2 hostile shadow creatures
  4123 | D:5      | Reached skill level 7 in Axes
  4270 | D:5      | XOM: give mutations
  4270 | D:5      | Gained mutation: You occasionally lose the ability to drink
                  | potions when taking damage. [Xom's mischief]
  4270 | D:5      | Lost mutation: Armour fits poorly on your strangely shaped
                  | body. [Xom's mischief]
  4517 | D:6      | XOM: confuse monster(s)
  4518 | D:6      | Reached XP level 8. HP: 70/70 MP: 7/7
  4602 | D:6      | Reached skill level 5 in Armour
  4603 | D:6      | Reached skill level 8 in Axes
  4629 | D:6      | Identified the +8 long sword "Goblinbane" {elec, rF+}
  4649 | D:6      | Reached skill level 1 in Stealth
  4692 | D:6      | XOM: cast spell 'Alistair's Intoxication'
  4718 | D:6      | XOM: cloud trail
  4728 | D:6      | XOM: scenery: create altars
  4756 | D:6      | XOM: snakes to sticks
  4768 | D:6      | Identified the +1 rapier "Wokiogg" {vamp, *Noise rF+ Str+4}
  4771 | D:6      | Found Qiugg's Antique Armour Emporium.
  4862 | D:6      | XOM: god gift: scroll of noise
  4915 | D:6      | Found a glowing drain.
  4922 | Sewer    | Entered a sewer
  4952 | Sewer    | Reached skill level 9 in Axes
  4999 | Sewer    | XOM: god gift: swamp dragon scales {god gift}
  5002 | Sewer    | XOM: 2-stop teleportation journey
  5520 | Sewer    | XOM: scenery: summon butterflies
  5844 | D:6      | XOM: polymorph hound -> adder
  5953 | D:6      | XOM: cloud trail
  6029 | D:7      | XOM: cleaving
  6030 | D:7      | XOM: divine lightning
  6235 | D:7      | XOM: fog
  6242 | D:7      | Reached XP level 9. HP: 60/79 MP: 8/8
  6394 | D:7      | XOM: cast spell 'Discord'
  6522 | D:7      | XOM: polymorph sky beast -> naga
  6523 | D:7      | XOM: confuse monster(s)
  6525 | D:7      | XOM: potion effect (brilliance)
  6527 | D:7      | Found a staircase to the Ecumenical Temple.
  6547 | D:7      | Reached skill level 10 in Axes
  6795 | D:7      | XOM: give mutations
  6795 | D:7      | Gained mutation: Your muscles are strong. (Str +4, Int/Dex
                  | -1) [Xom's mischief]
  6795 | D:7      | Gained mutation: You have a pair of large horns on your
                  | head. [Xom's mischief]
  6795 | D:7      | Lost mutation: Your muscles are strong. (Str +4, Int/Dex
                  | -1) [Xom's mischief]
  6795 | D:7      | Gained mutation: You occasionally shout uncontrollably at
                  | your foes. [Xom's mischief]
  6872 | D:7      | XOM: noise
  6987 | D:7      | XOM: summons 5 hostile demons
  7023 | D:7      | XOM: cloud trail
  7087 | D:7      | XOM: give mutations
  7087 | D:7      | Gained mutation: You have large cloven feet. [Xom's grace]
  7087 | D:7      | Gained mutation: You are agile. (Dex +4, Str/Int -1) [Xom's
                  | grace]
  7188 | D:7      | XOM: give mutations
  7188 | D:7      | Gained mutation: You have a somewhat thin skeletal
                  | structure. (Dex +2, Stealth+) [Xom's grace]
  7188 | D:7      | Gained mutation: You are strong-willed. (Will+) [Xom's
                  | grace]
  7352 | D:7      | XOM: noise
  7436 | D:8      | Identified the ring of Agyd Tack {rPois MP+9 AC+4 Str+3}
                  | (Xom gifted it to you on level 8 of the Dungeon)
  7436 | D:8      | XOM: god gift: ring of Agyd Tack {rPois MP+9 AC+4 Str+3}
  7552 | D:8      | Found a sand-covered staircase.
  7557 | Ossuary  | Entered an ossuary
  7579 | Ossuary  | Reached skill level 5 in Shields
  7589 | Ossuary  | XOM: 9-stop teleportation journey
  7716 | D:8      | Noticed a troll
  7719 | D:8      | XOM: silly message
  7721 | D:8      | Killed a troll
  7790 | D:8      | Reached skill level 11 in Axes
  7796 | D:8      | Reached XP level 10. HP: 77/90 MP: 9/9
  7970 | D:8      | Found a staircase to the Lair.
  8054 | D:8      | Found a snail-covered altar of Cheibriados.
  8298 | D:8      | XOM: divination: magic mapping
  8328 | D:8      | XOM: potion effect (might)
  8333 | D:8      | Reached skill level 12 in Axes
  8359 | D:8      | XOM: cloud trail
  8432 | D:8      | XOM: noise
  8515 | D:9      | XOM: confuse monster(s)
  8521 | D:9      | XOM: confuse monster(s)
  8539 | D:9      | XOM: cast spell 'Summon Small Mammal'
  8540 | D:9      | XOM: silly message
  8660 | D:9      | Found an opulent altar of Gozag.
  8707 | D:9      | Noticed Pikel
  8711 | D:9      | Killed Pikel
  8712 | D:9      | Reached skill level 13 in Axes
  8781 | D:9      | XOM: scenery: 1 doors close
  8953 | D:9      | XOM: 4-stop teleportation journey
  9001 | D:9      | Noticed a two-headed ogre
  9006 | D:9      | Killed a two-headed ogre
  9007 | D:9      | Reached XP level 11. HP: 78/97 MP: 10/10
  9069 | D:9      | XOM: divination: detect creatures
  9273 | D:9      | XOM: enchant monster (bad)
  9530 | D:10     | Entered Level 10 of the Dungeon
  9547 | D:10     | XOM: silly message
  9732 | D:10     | Identified the +5 short sword "Riublise" {elec, Fly Int+3}
 10076 | D:10     | Noticed Fannar
 10078 | D:10     | Fannar changed into Fannar the glowing shapeshifter
 10078 | D:10     | Noticed Fannar (glowing shapeshifter)
 10078 | D:10     | XOM: polymorph Fannar -> Fannar the glowing shapeshifter
 10078 | D:10     | Fannar the glowing shapeshifter changed into Fannar the sea
                  | snake
 10078 | D:10     | Noticed Fannar (glowing shapeshifter)
 10080 | D:10     | Fannar the sea snake changed into Fannar the slime creature
 10082 | D:10     | Fannar the slime creature changed into Fannar the steelbarb
                  | worm
 10082 | D:10     | Noticed Fannar (glowing shapeshifter)
 10083 | D:10     | Fannar the steelbarb worm changed into Fannar the mana
                  | viper
 10083 | D:10     | Noticed Fannar (glowing shapeshifter)
 10084 | D:10     | Killed Fannar the mana viper
 10126 | D:11     | XOM: enchant monster (good)
 10127 | D:11     | Noticed a two-headed ogre
 10129 | D:11     | XOM: enchant monster (bad)
 10137 | D:11     | Killed a two-headed ogre
 10138 | D:11     | Reached skill level 10 in Fighting
 10139 | D:11     | Reached skill level 14 in Axes
 10210 | D:11     | XOM: divination: detect items
 10271 | D:11     | XOM: 1-stop teleportation journey
 10276 | D:11     | XOM: give mutations
 10276 | D:11     | Gained mutation: Armour fits poorly on your strangely
                  | shaped body. [Xom's mischief]
 10276 | D:11     | Gained mutation: You sometimes lose your temper in combat.
                  | [Xom's mischief]
 10276 | D:11     | Lost mutation: Armour fits poorly on your strangely shaped
                  | body. [Xom's mischief]
 10412 | D:11     | Found Tegruc's Antique Armour Emporium.
 10465 | D:11     | XOM: 1-stop teleportation journey
 10496 | D:11     | Found a staircase to the Orcish Mines.
 10509 | D:11     | Gained mutation: Your magical capacity is low. (-10% MP) [a
                  | neqoxec]
 10516 | D:11     | XOM: cast spell 'Dispersal'
 10522 | D:11     | XOM: chaos upgrade
 10796 | D:11     | XOM: summons friendly crimson imp
 10868 | D:11     | XOM: polymorph crimson imp -> cerulean imp
 10870 | D:11     | XOM: give mutations
 10870 | D:11     | Gained mutation: You have hidden genetic potential. [Xom's
                  | grace]
 10870 | D:11     | Gained mutation: Your system is resistant to poisons.
                  | (rPois) [Xom's grace]
 10870 | D:11     | Gained mutation: You are very agile. (Dex +8, Str/Int -2)
                  | [Xom's grace]
 10870 | D:11     | Gained mutation: Your spells are a little harder to cast,
                  | but a little more powerful. [Xom's grace]
 10874 | D:11     | XOM: give mutations
 10874 | D:11     | Lost mutation: You occasionally shout uncontrollably at
                  | your foes. [Xom's mischief]
 10874 | D:11     | Lost mutation: You have a pair of large horns on your head.
                  | [Xom's mischief]
 10874 | D:11     | Gained mutation: Your spells are harder to cast, but more
                  | powerful. [Xom's mischief]
 10874 | D:11     | Lost mutation: You are very agile. (Dex +8, Str/Int -2)
                  | [Xom's mischief]
 10921 | D:11     | Noticed a boulder beetle
 10923 | D:11     | XOM: summons 4 friendly demons
 10932 | D:11     | Killed a boulder beetle
 10939 | D:11     | Reached skill level 15 in Axes
 11066 | D:11     | Noticed a two-headed ogre
 11071 | D:11     | Killed a two-headed ogre
 11072 | D:11     | Reached XP level 12. HP: 105/108 MP: 9/9
 11077 | D:11     | Noticed a two-headed ogre
 11082 | D:11     | Killed a two-headed ogre
 11190 | D:11     | XOM: 3-stop teleportation journey
 11395 | D:12     | XOM: confuse monster(s)
 11426 | D:12     | Noticed a two-headed ogre
 11430 | D:12     | XOM: divine lightning
 11432 | D:12     | Killed a two-headed ogre
 11602 | D:12     | Found Deyklir's Jewellery Boutique.
 11678 | D:12     | XOM: give mutation
 11678 | D:12     | Gained mutation: You expend magic power (3 MP) to
                  | strengthen your wands. [Xom's grace]
 11680 | D:12     | You fall into a shaft and drop 3 floors!
 11680 | D:15     | Entered Level 15 of the Dungeon
 11781 | D:15     | XOM: scenery: summon butterflies
 11809 | D:15     | Noticed a centaur warrior
 11811 | D:15     | XOM: cleaving
 11812 | D:15     | XOM: summons 3 friendly demons
 11817 | D:15     | Killed a centaur warrior
 11942 | D:15     | XOM: scenery: summon butterflies
 11943 | D:15     | XOM: polymorph butterfly -> ball python
 11944 | D:15     | XOM: summons friendly shadow imp
 11951 | D:15     | XOM: god gift: tapered copper wand {god gift}
 11953 | D:15     | XOM: fog
 11956 | D:15     | HP: 1/110 [skeletal warrior/+0 trident (17)]
 11988 | D:15     | Slain by a spriggan berserker skeleton

Illustrated notes

Levels and vault maps discovered:
D:1:      elethiomel_arrival_fortress_basement, layout_basic,
          basic_ecumenical_altar, st_stairs_5, chequers_serial_rivers_micro_d,
          minmay_tromino_v7
D:2:      layout_loops_cross, st_stairs_14, hex_tiny
D:3:      layout_loops_cross, small_statue_intersection, uniq_terence
D:4:      nicolae_cairo_tiling, layout_loops_corners, uniq_eustachio
D:5:      layout_basic
D:6:      minmay_skewed_foursquare, layout_rooms, lightli_sewer_entry_pipes,
          serial_shops, kennysheep_little_box
D:7:      layout_layer_cave, minmay_temple_entry_arrows
D:8:      layout_basic, cheibriados_altar_1, lair_entry_dummy, enter_ossuary_2
D:9:      layout_basic, grunt_gozag_breadcrumbs, dreamdust_princess_corridor,
          uniq_pikel
D:10:     layout_cave_pools, corexii_leaking_fountain, serial_bayou_ford_a,
          uniq_fannar
D:11:     minmay_s_stair_smasher, layout_stronghold, orc_0_dummy, serial_shops,
          nicolae_take_the_stairs
D:12:     layout_stronghold, serial_shops, shop, blue_anna_alchemist
D:15:     gammafunk_depths_entry_grave, layout_irregular_city, serial_shops,
          shop, hex_medium

Skill      XL: |  1  2  3  4  5  6  7  8  9 10 11 12 |
---------------+-------------------------------------+-----
Axes           | 4 5 6 7 9 11 13 15 | 15.7
Fighting       | 4 5 6 7 8 9 10 11 | 11.4
Dodging        | 4 5 6 7 |  7.0
Armour         | 2 4 5 7 8 9 |  9.8
Shields        | 1 2 4 5 6 8 9 |  9.5
Stealth        | 1 2 3 |  3.7
Evocations     | |  0.3

Action                     |  1- 3 |  4- 6 |  7- 9 | 10-12 || total
---------------------------+-------+-------+-------+-------++-------
  Melee: Hand axe          |    78 |   112 |       |       ||   190
         Headbutt          |    12 |    26 |    66 |    66 ||   170
         War axe           |       |    13 |   368 |   243 ||   624
         Kick              |       |       |    12 |    92 ||   104
  Evoke: Wand              |       |     3 |       |     5 ||     8
         Phantom mirror    |       |       |       |     1 ||     1
    Use: Potion            |     1 |     4 |     5 |     2 ||    12
         Scroll            |       |     7 |    17 |     8 ||    32
   Stab: Invisible         |       |     1 |       |       ||     1
         Confused          |       |       |     2 |     8 ||    10
         Distracted        |       |       |     1 |     1 ||     2
         Sleeping          |       |       |     1 |       ||     1
 Armour: Robe              |    11 |     1 |       |       ||    12
         Scale mail        |       |    24 |   140 |    35 ||   199
         Plate armour      |       |       |       |    39 ||    39
  Dodge: Dodged            |    51 |    53 |   168 |    60 ||   332
  Block: Kite shield       |       |    30 |   165 |       ||   195
         Tower shield      |       |       |     4 |   199 ||   203

Table legend: (Time is in decaauts)
 A = Elapsed time spent in this place.
 B = Non-inter-level travel time spent in this place.
 C = Inter-level travel time spent in this place.
 D = Time resting spent in this place.
 E = Time spent auto-exploring this place.
 F = Levels seen in this place.
 G = Mean time per level.
                   A        B        C        D        E       F      G
               +--------+--------+--------+--------+--------+-----+--------+
         Total |  12344 |  11848 |    496 |      0 |   9723 |  15 |  822.9 |
       Dungeon |  11371 |  10875 |    496 |      0 |   9101 |  13 |  874.7 |
         Sewer |    823 |    823 |      0 |      0 |    556 |   1 |  823.0 |
       Ossuary |    150 |    150 |      0 |      0 |     66 |   1 |  150.0 |
               +--------+--------+--------+--------+--------+-----+--------+

Top non-repeatable levels by time:
     D:7: 1423 daAuts
     D:4: 1338 daAuts
    D:11: 1180 daAuts
     D:9: 1029 daAuts
     D:8: 971 daAuts
     D:6: 891 daAuts
     D:1: 864 daAuts
     D:5: 855 daAuts
     D:3: 854 daAuts
   Sewer: 823 daAuts
     D:2: 655 daAuts
    D:10: 602 daAuts
    D:12: 395 daAuts
    D:15: 307 daAuts
 Ossuary: 150 daAuts
